Description

Void ray into Carrier build from Asus ROG match against Dark.

Replay - DPGDark v DPGZest: Game 1 - 2000 Atmospheres LE

Build Order

Get SALT Encoding   

  12  0:00  Probe  
  13  0:12  Probe  
  14  0:19  Pylon  
  14  0:24  Probe  
  15  0:37  Probe (Chrono Boost)  
  15  0:39  Gateway  
  16  0:47  Probe x2 (Chrono Boost)  
  16  0:49  Assimilator  
  18  1:03  Probe  
  19  1:15  Probe  
  20  1:25  Nexus  
  20  1:35  Cybernetics Core  
  20  1:39  Probe  
  21  1:45  Assimilator  
  21  1:51  Probe  
  21  1:54  Pylon  
  22  2:03  Probe (Chrono Boost)  
  23  2:12  Adept  
  23  2:15  Probe x2 (Chrono Boost)  
  26  2:17  Stargate  
  27  2:26  Warp Gate  
  28  2:32  Probe (Chrono Boost)  
  28  2:37  Probe (Chrono Boost)  
  28  2:42  Adept  
  32  2:46  Probe x2 (Chrono Boost)  
  33  2:51  Void Ray (Chrono Boost), Probe x2 (Chrono Boost)  
  35  3:03  Probe x2  
  40  3:07  Pylon  
  41  3:13  Gateway  
  41  3:18  Probe x2  
  43  3:24  Oracle (Chrono Boost)  
  46  3:30  Probe x2  
  48  3:44  Nexus  
  48  3:46  Pylon  
  48  3:49  Probe x2  
  48  3:52  Assimilator x2  
  50  4:02  Probe x2 (Chrono Boost)  
  52  4:05  Pylon  
  52  4:12  Void Ray, Probe x3 (Chrono Boost)  
  54  4:20  Protoss Air Weapons Level 1  
  59  4:24  Pylon  
  59  4:26  Probe x2  
  61  4:34  Stargate  
  61  4:35  Forge  
  61  4:38  Probe x2 (Chrono Boost)  
  62  4:41  Pylon  
  63  4:49  Probe x2 (Chrono Boost)  
  65  4:55  Probe x3 (Chrono Boost)  
  65  4:58  Void Ray  
  68  5:07  Shield Battery  
  74  5:08  Probe x3 (Chrono Boost)  
  75  5:16  Probe x3 (Chrono Boost)  
  75  5:17  Void Ray  
  78  5:23  Probe  
  83  5:28  Probe x2  
  83  5:29  Assimilator x2  
  83  5:31  Pylon  
  83  5:34  Stargate  
  83  5:35  Fleet Beacon, Probe  
  86  5:40  Probe x2  
  86  5:42  Pylon  
  87  5:47  Probe  
  89  5:52  Probe x2  
  91  5:59  Photon Cannon  
  91  6:01  Probe x2  
  92  6:07  Photon Cannon  
  92  6:08  Shield Battery  
  93  6:12  Nexus  
  93  6:14  Pylon x2  
  93  6:27  Carrier x2 (Chrono Boost)  
  105  6:34  Carrier (Chrono Boost)  
  105  6:39  Photon Cannon  
  111  6:42  Adept  
  111  6:44  Gateway x2  
  111  6:46  Probe x3  
  116  6:59  Probe x3  
  118  7:03  Protoss Air Weapons Level 2 (Chrono Boost)  
  119  7:10  Assimilator x2  
  119  7:11  Probe x3  
  119  7:15  Pylon  
  121  7:20  Pylon  
  121  7:21  Carrier x2 (Chrono Boost)  
  122  7:23  Probe  
  141  7:30  Carrier (Chrono Boost)  
  144  7:39  Gateway x2  
  141  7:46  Adept x4  
  141  7:49  Photon Cannon  
  141  7:51  Shield Battery  
  149  8:00  Shield Battery x3  
  149  8:01  Pylon x2  
  149  8:07  Adept x4  
  157  8:18  Void Ray x2 (Chrono Boost)  
  157  8:26  Void Ray (Chrono Boost)  
  136  8:37  Probe x3  
  130  8:42  Probe, Shield Battery x2  
  132  8:52  Void Ray x2 (Chrono Boost)  
  130  8:56  Zealot x4  
  130  8:58  Void Ray (Chrono Boost)  
  130  8:59  Flux Vanes  
  146  9:19  Zealot x3  
  141  9:56  Zealot  
Spawning Tool Build Advisor. Get it on Overwolf

Go to:

Details

  • Created by: kerimovich
  • Published on: Sep 25, 2021
  • Modified on: Sep 25, 2021
  • Patch: 4.11.0
  • Difficulty: Easy
Show
View Real Time Build Order
Export as new Build Order

Comments (1)

On Oct. 20, 2021, 1:30 p.m., lexicon  said:

Do we think Zest stopped building carriers and went back to voids because 6 carriers was a critical mass and the right number, or because he lost two bases and half his probes to the baneling bust and couldnt afford carriers?

Create an account to comment!